 Dungeon Crawl Stone Soup version 0.27-a0-931-g5a74e75d8f (webtiles) character file.

Game seed: 3840355891533979000

9 Alarkh the Insei (level 2, 16/22 HPs)
             Began as a Demonspawn Gladiator on Apr 10, 2021.
             Got out of the dungeon alive.
             The game lasted 00:00:15 (224 turns).

Alarkh the Insei (Demonspawn Gladiator)              Turns: 224, Time: 00:00:15

Health: 16/22      AC:  4    Str: 14    XL:     2   Next: 6%
Magic:  2/2        EV: 12    Int: 11    God:
Gold:   0          SH:  0    Dex: 14    Spells: 1/1 levels left

rFire    . . .     SeeInvis .     - Unarmed
rCold    . . .     Faith    .   (no shield)
rNeg     . . .     Spirit   .   a - +0 leather armour
rPois    .         Reflect  .   b - +0 helmet
rElec    .         Harm     .   (no cloak)
rCorr    .         Rampage  .   (no gloves)
Will     .....                  (no boots)
Stlth    +.........             (no amulet)
HPRegen  0.07/turn              (no ring)
MPRegen  0.08/turn              (no ring)

@: no status effects
A: big brain 1
a: no special abilities


You escaped.
You visited 1 branch of the dungeon, and saw 1 of its levels.

Inventory:

Missiles
 c - 3 throwing nets (quivered)
Armour
 a - a +0 leather armour (worn)
 b - a +0 helmet (worn)
Scrolls
 d - a scroll of magic mapping {unknown}


   Skills:
 + Level 2.2 Fighting
 - Level 1.7 Throwing
 - Level 2.6 Dodging
 * Level 3.1 Unarmed Combat


You had one spell level left.
You didn't know any spells.
Your spell library contained the following spells:

 Spells                   Type           Power      Damage    Failure   Level
 Confusing Touch          Hex            0%         N/A       80%         3
 Gell's Gravitas          Tloc           0%         N/A       80%         3
 Petrify                  Tmut/Erth      0%         N/A       99%         4
 Metabolic Englaciation   Hex/Ice        0%         N/A       100%        5
 Yara's Violent Unravell  Hex/Tmut       0%         3d3       100%        5


Dungeon Overview and Level Annotations

Branches:
Dungeon (1/15)

Altars:


Innate Abilities, Weirdness & Mutations

You have an unusually large brain. (Int +2)


Message History

The jackal closely misses you. x2
You hit the jackal but do no damage.
The jackal is heavily wounded.
The jackal closely misses you.
You barely miss the jackal.
The jackal is heavily wounded.
The jackal closely misses you.
You miss the jackal.
The jackal is heavily wounded.
The jackal completely misses you.
You hit the jackal.
The jackal is severely wounded.
The jackal closely misses you. The jackal bites you.
You hit the jackal but do no damage.
The jackal is heavily wounded.
The jackal bites you but does no damage.
You hit the jackal.
The jackal is almost dead.
The jackal closely misses you.
You hit the jackal but do no damage.
The jackal is almost dead.
The jackal barely misses you. The jackal bites you.
You barely miss the jackal.
The jackal is almost dead.
The jackal bites you but does no damage.
You barely miss the jackal.
The jackal is almost dead.
The jackal closely misses you.
You hit the jackal.
You kill the jackal!
No target in view!
No target in view!
No target in view!
No target in view!
No target in view!
Unknown command.
You see here a rat corpse.
There is a staircase leading out of the dungeon here.
Are you sure you want to leave the Dungeon?
This will make you lose the game!
You have escaped!

......# #.#
#.######## #####.#
#.# #.#
#.#####.####.#
#.##.......#.#
#)##.......#.#
#####.##.......#.#
.................#
#####.##.....#######
# #.##....##..@..##
## #.##....#.......#
.## #.#####.#§§§....#
..###.###...#.......#
...........)#§§§≈≈..#
..###.###.###§§≈≈≈≈.#
.## #.##...##§≈§!≈≈.#
## #.##...##.§§>≈≈.#
#####.......#.≈§$§≈.#


There were no monsters in sight!

Vanquished Creatures
  A giant cockroach (D:1)
  A goblin (D:1)
  4 jackals (D:1)
  A kobold (D:1)
  A rat (D:1)
8 creatures vanquished.

Notes
Turn   | Place    | Note
-------+----------+-------------------------------------------
     0 | D:1      | Alarkh the Demonspawn Gladiator began the quest for the
                  | Orb.
     0 | D:1      | Reached XP level 1. HP: 16/16 MP: 1/1
   178 | D:1      | Reached skill level 3 in Unarmed Combat
   185 | D:1      | Gained mutation: You have an unusually large brain. (Int
                  | +2) [demonic ancestry]
   185 | D:1      | Reached XP level 2. HP: 18/22 MP: 2/2
   224 | D:$      | Got out of the dungeon alive.

Illustrated notes

Levels and vault maps discovered:
D:1:      lemuel_arrival_lava_pool, layout_loops_ring,
          shapermc_ecumenical_altar_hornbeckon

Skill      XL: |  1 |
---------------+----+-----
Unarmed Combat | 3 |  3.1
Fighting       | |  2.2
Throwing       | |  1.7
Dodging        | |  2.6

Action                   || total
-------------------------++-------
Melee: Unarmed           ||    53
       Punch             ||     1
Armor: Leather armour    ||    19
Dodge: Dodged            ||    33

Table legend: (Time is in decaauts)
 A = Elapsed time spent in this place.
 B = Non-inter-level travel time spent in this place.
 C = Inter-level travel time spent in this place.
 D = Time resting spent in this place.
 E = Time spent auto-exploring this place.
 F = Levels seen in this place.
 G = Mean time per level.
                   A        B        C        D        E       F      G
               +--------+--------+--------+--------+--------+-----+--------+
         Total |    220 |    198 |     22 |      0 |    128 |   1 |  220.0 |
       Dungeon |    220 |    198 |     22 |      0 |    128 |   1 |  220.0 |
               +--------+--------+--------+--------+--------+-----+--------+

Top non-repeatable levels by time:
     D:1: 220 daAuts
